 Dungeon Crawl Stone Soup version 0.26-a0-520-g952f204493 (webtiles) character file.

Game seed: 2945623527677120802

393 MrRokkomies the Stinger (level 6, -1/45 HPs)
             Began as a Demigod Venom Mage on Aug 12, 2020.
             Killed from afar by an orc wizard (5 damage)
             ... with a puff of frost
             ... on level 4 of the Dungeon.
             The game lasted 00:07:21 (4784 turns).

MrRokkomies the Stinger (Demigod Venom Mage)        Turns: 4784, Time: 00:07:22

Health: -1/45      AC:  3    Str: 11    XL:     6   Next: 26%
Magic:  9/11       EV: 14    Int: 23    God:
Gold:   142        SH:  0    Dex: 16    Spells: 5/8 levels left

rFire    . . .     SeeInvis .   p - +2 war axe (vorpal)
rCold    . . .     Faith    .   (no shield)
rNeg     . . .     Spirit   .   a - +0 robe
rPois    .         Reflect  .   r - +0 helmet
rElec    .         Harm     .   (no cloak)
rCorr    .                      (no gloves)
MR       +....                  (no boots)
Stlth    ++........             (no amulet)
HPRegen  0.15/turn              k - +4 ring of slaying
MPRegen  0.12/turn              j - ring of protection from magic

@: no status effects
A: high mp 1
a: no special abilities


You were on level 4 of the Dungeon.
You visited 1 branch of the dungeon, and saw 4 of its levels.

You collected 142 gold pieces.

Inventory:

Hand Weapons
 b - a +1 short sword
 n - a +0 hunting sling
 p - a +2 vorpal war axe (weapon)
 q - a +0 dagger of holy wrath
Missiles
 f - 14 poisoned darts (quivered)
 h - 5 javelins
 o - 40 stones
Armour
 a - a +0 robe (worn)
 r - a +0 helmet (worn)
Jewellery
 j - a ring of protection from magic (right hand)
 k - a +4 ring of slaying (left hand)
Scrolls
 e - 2 scrolls of remove curse
 i - a scroll of teleportation
 l - a scroll of identify
Potions
 c - a potion of cancellation
 d - 2 potions of magic
 g - a potion of heal wounds
 m - a potion of curing


   Skills:
 * Level 4.2 Dodging
 - Level 1.7 Stealth
 - Level 1.7 Spellcasting
 + Level 2.7 Transmutations
 * Level 4.7 Poison Magic


You had 5 spell levels left.
You knew the following spells:

 Your Spells              Type           Power        Failure   Level
a - Sting                 Tmut/Pois      ###.         3%          1
b - Poisonous Vapours     Pois/Air       ##....       8%          2

Your spell library contained the following spells:

 Spells                   Type           Power        Failure   Level
 Ignite Poison            Fire/Tmut/Pois ##......     14%         3
 Olgreb's Toxic Radiance  Pois           ###.....     19%         4
 Mephitic Cloud           Conj/Pois/Air  #.......     21%         3


Dungeon Overview and Level Annotations

Branches:
Dungeon (4/15)             Temple (0/1) D:4

Annotations:
D:4 Dowan, Duvessa


Innate Abilities, Weirdness & Mutations

You have an increased reservoir of magic. (+10% MP)


Message History

The sting hits the orc wizard but does no damage.
The orc wizard is poisoned.
The orc wizard is severely wounded.
The orc hits you from afar with a +0 trident.
* * * LOW HITPOINT WARNING * * *
The orc wizard hits you with a +0 dagger.
* * * LOW HITPOINT WARNING * * *
Casting: Sting (safe; 3% risk of failure)
Confirm with . or Enter, or press ? or * to list all spells.
Press: ? - help, Shift-Dir - straight line, f - orc, p - orc wizard
Aim: an orc, wielding a +0 trident and wearing a cursed +0 ring mail The sting hits the orc but does no damage.
The orc is poisoned.
The orc wizard hits you with a +0 dagger.
* * * LOW HITPOINT WARNING * * *
The orc hits you from afar with a +0 trident.
* * * LOW HITPOINT WARNING * * *
The orc wizard casts a spell at you. The puff of frost hits you.
You die...

.....# .....# ...
.....# ..#####+###
##+#... .........# ..
........# . .......+
......###
#'###+#####o.o#....
#..........@.......
#.........#.#......
........#.#.#.....
#...#.#.#.#.#....
#...#..#.>.#..+#.
....#[....#.#.#.#..
..#....#......#.#.#...#
..#....#.......#.#....#
.##....#...#..........#


You could see an orc wizard (fast, poisoned) and an orc (poisoned).

Vanquished Creatures
  A scorpion (D:4)
  3 orc priests
  2 orc wizards
  A worker ant (D:4)
  Robin (D:3)
  7 adders
  3 worms (D:2)
  2 dart slugs
  3 leopard geckos
  9 orcs
  2 ball pythons
  4 giant cockroaches
  16 goblins
  4 hobgoblins
  2 jackals (D:3)
  8 kobolds
  2 quokkas
  5 bats
  4 frilled lizards
  A quokka skeleton (D:4)
  11 rats
91 creatures vanquished.

Notes
Turn   | Place    | Note
-------+----------+-------------------------------------------
     0 | D:1      | MrRokkomies the Demigod Venom Mage began the quest for the
                  | Orb.
     0 | D:1      | Reached XP level 1. HP: 14/14 MP: 5/5
   133 | D:1      | Reached skill level 1 in Transmutations
   294 | D:1      | Reached XP level 2. HP: 12/20 MP: 4/7
   762 | D:1      | You fall into a shaft and drop 1 floor!
  1360 | D:2      | Learned a level 2 spell: Poisonous Vapours
  1551 | D:2      | Reached XP level 3. HP: 17/26 MP: 4/8
  1898 | D:2      | Found a faded altar of an unknown god.
  2258 | D:2      | Reached XP level 4. HP: 25/33 MP: 9/9
  3323 | D:3      | Reached XP level 5. HP: 13/38 MP: 2/10
  3691 | D:3      | Noticed Robin
  3699 | D:3      | Killed Robin
  4358 | D:4      | Noticed Duvessa
  4358 | D:4      | Noticed Dowan
  4358 | D:4      | Noticed an ogre
  4605 | D:4      | Reached XP level 6. HP: 45/45 MP: 8/11
  4772 | D:4      | Found a staircase to the Ecumenical Temple.
  4784 | D:4      | Killed from afar by an orc wizard

Illustrated notes

Levels and vault maps discovered:
D:1:      dpeg_arrival_round_a, layout_basic
D:2:      layout_loops_corners, chequers_ecumenical_altar_island,
          minmay_box_of_dots
D:3:      layout_basic, uniq_robin
D:4:      layout_gridville, minmay_temple_entry_grid, serial_shops, shop,
          uniq_duvessa

Skill      XL: |  1  2  3  4  5 |
---------------+----------------+-----
Transmutations | 1 2 |  2.7
Dodging        | 2 3 4 |  4.2
Poison Magic   | 3 4 |  4.7
Stealth        | |  1.7
Spellcasting   | |  1.7

Action                   |  1- 3 |  4- 6 || total
-------------------------+-------+-------++-------
Melee: Short sword       |    64 |    34 ||    98
       Unarmed           |     1 |       ||     1
       War axe           |       |    40 ||    40
 Cast: Sting             |    47 |    20 ||    67
       Poisonous Vapours |       |    17 ||    17
  Use: Scroll            |     4 |     7 ||    11
 Stab: Sleeping          |     2 |     2 ||     4
       Distracted        |       |     1 ||     1
Armor: Robe              |    11 |    11 ||    22
Dodge: Dodged            |    54 |    70 ||   124

Table legend: (Time is in decaauts)
 A = Elapsed time spent in this place.
 B = Non-inter-level travel time spent in this place.
 C = Inter-level travel time spent in this place.
 D = Time resting spent in this place.
 E = Time spent auto-exploring this place.
 F = Levels seen in this place.
 G = Mean time per level.
                   A        B        C        D        E       F      G
               +--------+--------+--------+--------+--------+-----+--------+
         Total |   4813 |   4631 |    182 |    465 |   3552 |   4 | 1203.2 |
       Dungeon |   4813 |   4631 |    182 |    465 |   3552 |   4 | 1203.2 |
               +--------+--------+--------+--------+--------+-----+--------+

Top non-repeatable levels by time:
     D:2: 1655 daAuts
     D:3: 1602 daAuts
     D:1: 1154 daAuts
     D:4: 401 daAuts
